 Dungeon Crawl Stone Soup version 0.27-a0-550-ge92ec0ca06 (webtiles) character file.

Game seed: 12846700816280621811

132 foci the Shield-Bearer (level 5, -4/33 HPs)
             Began as a Gargoyle Fighter on Mar 8, 2021.
             Slain by Crazy Yiuf
             ... wielding a +2 quarterstaff of chaos
              (14 damage)
             ... on level 2 of the Dungeon.
             The game lasted 00:03:38 (1299 turns).

foci the Shield-Bearer (Gargoyle Fighter)           Turns: 1299, Time: 00:03:39

Health: -4/33      AC: 10    Str: 19    XL:     5   Next: 15%
Magic:  5/5        EV:  7    Int:  9    God:
Gold:   127        SH:  0    Dex: 10    Spells: 4/4 levels left

rFire    . . .     SeeInvis .   a - +0 war axe
rCold    . . .     Faith    .   c - +0 kite shield
rNeg     + . .     Spirit   .   b - +0 scale mail
rPois    ∞         Reflect  .   (no helmet)
rElec    +         Harm     .   (no cloak)
rCorr    .         Rampage  .   (no gloves)
Will     .....                  (no boots)
Stlth    ..........             (no amulet)
HPRegen  0.11/turn              (no ring)
MPRegen  0.09/turn              (no ring)

@: confused
A: negative energy resistance 1, electricity resistance, torment resistance 1,
unbreathing 1, petrification resistance, AC +4
a: no special abilities


You were on level 2 of the Dungeon.
You visited 1 branch of the dungeon, and saw 2 of its levels.

You collected 127 gold pieces.

Inventory:

Hand Weapons
 a - a +0 war axe (weapon)
Armour
 b - a +0 scale mail (worn)
 c - a +0 kite shield (worn)
Scrolls
 e - a scroll of enchant armour {unknown}
 f - a scroll of noise {unknown}
 j - 2 scrolls of identify {unknown}
 k - a scroll of amnesia {unknown}
 l - a scroll of teleportation {unknown}
 n - a scroll of enchant weapon {unknown}
Potions
 d - a potion of might
 g - 2 potions of heal wounds {unknown}
 h - a potion of invisibility {unknown}
 i - 2 potions of berserk rage {unknown}
 m - a potion of degeneration {unknown}
 o - 2 potions of curing {unknown}


   Skills:
 + Level 3.8 Fighting
 * Level 3.6 Axes
 + Level 3.6 Armour
 + Level 0.4 Dodging
 - Level 4.0 Shields


You had 4 spell levels left.
You didn't know any spells.
Your spell library contained the following spells:

 Spells                   Type           Power      Damage    Failure   Level
 Animate Skeleton         Necr           0%         N/A       99%         1
 Apportation              Tloc           0%         N/A       99%         1
 Corona                   Hex            0%         N/A       99%         1
 Summon Small Mammal      Summ           0%         N/A       99%         1


Dungeon Overview and Level Annotations

Branches:
Dungeon (2/15)

Altars:
Yredelemnul

Annotations:
D:2 Crazy Yiuf


Innate Abilities, Weirdness & Mutations

Your stone body is resilient. (AC +4)
You are immune to poison.
You resist negative energy. (rN+)
You are resistant to electric shocks. (rElec)
You are resistance to unholy torment.
You can survive without breathing.
You are immune to petrification.


Message History

The giant cockroach bites you but does no damage.
You slash the giant cockroach!
You kill the giant cockroach!
There is an open door here.
Found a faded altar of an unknown god.
You see here an adder corpse.
A frilled lizard comes into view.
The frilled lizard hisses angrily.
Your shield prevents you from hitting the frilled lizard.
The frilled lizard barely misses you.
You closely miss the frilled lizard.
The frilled lizard bites you but does no damage. x2
You hit the frilled lizard.
You kill the frilled lizard!
You see here a frilled lizard corpse.
Found a mace.
Found a runed translucent door.
Crazy Yiuf shouts!
Crazy Yiuf cries, "Mama pontify sanguine!"
You open the door. You barely miss Crazy Yiuf.
Crazy Yiuf drinks a potion.
Crazy Yiuf seems to grow stronger.
You barely miss Crazy Yiuf. Crazy Yiuf barely misses you. x2
You closely miss Crazy Yiuf.
Crazy Yiuf hits you with a +2 quarterstaff of chaos.
You hit Crazy Yiuf.
Crazy Yiuf is moderately wounded.
Crazy Yiuf closely misses you. Crazy Yiuf hits you but does no damage.
You are confused.
You bump into the tree.
You hit Crazy Yiuf.
Crazy Yiuf is moderately wounded.
Crazy Yiuf hits you with a +2 quarterstaff of chaos!
Crazy Yiuf cries, "Snoogle foot mumblescurry!"
Crazy Yiuf hits you with a +2 quarterstaff of chaos!
Crazy Yiuf freezes you.
You slash Crazy Yiuf!
Crazy Yiuf is almost dead.
Crazy Yiuf cries, "Cholesterol!
Ten return to song toodlewoodle."
Crazy Yiuf hits you with a +2 quarterstaff of chaos!
You die...

##.# ####.# #.# #....#
#.# #.#####
#####.....## #.÷÷....#
#.......> ###
♣♣##........ #)..#♣♣
♣♣P..........
#...g@♣♣♣♣.P..........
#...#♣..♣.P...........
### ♣♣♣.♣.P..........
♣♣♣♣♣##.......#
##.>...## #######


You could see Crazy Yiuf (strong).

Vanquished Creatures
  Jessica (D:2)
  5 adders (D:2)
  An adder zombie (D:2)
  2 worms (D:2)
  4 leopard geckos
  A bat zombie (D:2)
  2 giant cockroaches
  6 goblins
  3 hobgoblins
  6 kobolds
  A ball python (D:2)
  9 bats
  4 frilled lizards
  A quokka zombie (D:2)
  6 rats
52 creatures vanquished.

Vanquished Creatures (others)
  2 plants (D:2)
2 creatures vanquished.

Grand Total: 54 creatures vanquished

Notes
Turn   | Place    | Note
-------+----------+-------------------------------------------
     0 | D:1      | foci the Gargoyle Fighter began the quest for the Orb.
     0 | D:1      | Reached XP level 1. HP: 14/14 MP: 1/1
    45 | D:1      | Reached XP level 2. HP: 15/19 MP: 2/2
   509 | D:1      | Reached XP level 3. HP: 23/24 MP: 3/3
   889 | D:2      | Reached XP level 4. HP: 25/29 MP: 4/4
  1149 | D:2      | Noticed Jessica
  1161 | D:2      | Killed Jessica
  1162 | D:2      | Reached skill level 4 in Shields
  1162 | D:2      | Reached XP level 5. HP: 25/33 MP: 5/5
  1246 | D:2      | Found a faded altar of an unknown god.
  1288 | D:2      | Found a runed translucent door.
  1289 | D:2      | Noticed Crazy Yiuf
  1299 | D:2      | Slain by Crazy Yiuf

Illustrated notes

Levels and vault maps discovered:
D:1:      dpeg_arrival_fog, layout_rooms, minmay_pentomino_s4
D:2:      layout_rooms, nicolae_yredelemnul_corpse_copse,
          chequers_ecumenical_altar_lobes, uniq_jessica, uniq_crazy_yiuf_cottage

Skill      XL: |  1  2  3  4 |
---------------+-------------+-----
Axes           | 2 3 |  3.6
Shields        | 4 |  4.0
Fighting       | |  3.8
Armour         | |  3.6
Dodging        | |  0.4

Action                   |  1- 3 |  4- 6 || total
-------------------------+-------+-------++-------
Melee: War axe           |   112 |    60 ||   172
Armor: Scale mail        |   112 |    36 ||   148
Dodge: Dodged            |    53 |    18 ||    71
Block: Kite shield       |    93 |    27 ||   120

Table legend: (Time is in decaauts)
 A = Elapsed time spent in this place.
 B = Non-inter-level travel time spent in this place.
 C = Inter-level travel time spent in this place.
 D = Time resting spent in this place.
 E = Time spent auto-exploring this place.
 F = Levels seen in this place.
 G = Mean time per level.
                   A        B        C        D        E       F      G
               +--------+--------+--------+--------+--------+-----+--------+
         Total |   1400 |   1373 |     27 |      0 |    855 |   2 |  700.0 |
       Dungeon |   1400 |   1373 |     27 |      0 |    855 |   2 |  700.0 |
               +--------+--------+--------+--------+--------+-----+--------+

Top non-repeatable levels by time:
     D:2: 722 daAuts
     D:1: 678 daAuts
